 Dungeon Crawl Stone Soup version 0.27-a0-679-g77a6b55cf3 (webtiles) character file.

Game seed: 5855670773570549549

1 Lanoc the Sneak (level 1, -5/20 HPs)
             Began as a Minotaur Delver on Mar 18, 2021.
             Was an Initiate of Nemelex Xobeh.
             Killed by nerve-wracking pain
             ... invoked by a shadow imp
              (10 damage)
             ... on level 6 of the Dungeon.
             The game lasted 00:01:11 (128 turns).

Lanoc the Sneak (Minotaur Delver)                    Turns: 128, Time: 00:01:11

Health: -5/20      AC:  3    Str: 16    XL:     1   Next: 16%
Magic:  0/0        EV: 11    Int:  7    God:    Nemelex Xobeh [......]
Gold:   0          SH:  0    Dex: 11    Spells: 0/0 levels left

rFire    . . .     SeeInvis .   a - +0 falchion
rCold    . . .     Faith    .   (no shield)
rNeg     . . .     Spirit   .   b - +0 leather armour
rPois    .         Reflect  .   (helmet restricted)
rElec    .         Harm     .   (no cloak)
rCorr    .         Rampage  .   (no gloves)
Will     .....                  (no boots)
Stlth    ++........             h - amulet of magic regeneration
HPRegen  0.06/turn              (no ring)
MPRegen  0.32/turn              (no ring)

@: no status effects
A: horns 2, retaliatory headbutt
a: Renounce Religion, Draw Escape, Draw Destruction, Draw Summoning


You were on level 6 of the Dungeon.
You worshipped Nemelex Xobeh.
Nemelex Xobeh was noncommittal.
You visited 2 branches of the dungeon, and saw 3 of its levels.

Inventory:

Hand Weapons
 a - a +0 falchion (weapon)
Armour
 b - a +0 leather armour (worn)
Jewellery
 h - an amulet of magic regeneration (around neck)
Wands
 g - a wand of digging (3)
Scrolls
 c - a scroll of fog
 d - a scroll of magic mapping
 e - a scroll of fear
Potions
 f - a potion of might {unknown}


   Skills:
 + Level 3.6 Fighting
 + Level 2.5 Long Blades
 + Level 2.2 Dodging
 - Level 4.1 Stealth
 * Level 0.0 Invocations


You couldn't memorise any spells.
You didn't know any spells.
Your spell library was empty.

Dungeon Overview and Level Annotations

Branches:
Dungeon (6/15)             Temple (1/1) D:5

Altars:
Elyvilon
Nemelex Xobeh

Annotations:
D:5 3 runed translucent doors, Anon1729's ghost, novice DgAE; Edmund; PeterLawrence's ghost, novice MiFi; p0werm0de's ghost, amateur GrFi


Innate Abilities, Weirdness & Mutations

You have a pair of horns on your head.
You reflexively headbutt those who attack you in melee.


Message History

Really walk into a travel-excluded area?
Edmund says, "What use are spells, anyway?"
Found a staircase to the Ecumenical Temple.
There is a staircase to the Ecumenical Temple here.
You climb downwards.
Welcome to the Ecumenical Temple!
There is a staircase back to the Dungeon here.
You climb upwards.
Level annotation: 3 runed translucent doors, Anon1729's ghost, novice DgAE; Edmund; PeterLawrence's ghost, novice MiFi; p0werm0de's ghost, amateur GrFi Edmund clears his throat.
There is a staircase to the Ecumenical Temple here.
The iguana misses you.
You riposte.
You hit the iguana.
The iguana is moderately wounded.
Edmund hits you with a +2 dire flail of protection.
* * * LOW HITPOINT WARNING * * *
The iguana bites you.
* * * LOW HITPOINT WARNING * * *
Edmund mutters, "Who needs spells, anyway?"
Your extra speed is starting to run out.
You feel yourself slow down.
Anon1729's ghost turns its malevolent gaze towards you.
P0werm0de's ghost turns its malevolent gaze towards you.
f - a coppery potion PeterLawrence's ghost turns its malevolent gaze towards you.
Found 20 stones and a scroll labelled QISHOG DUMADGH.
There is a stone staircase leading down here.
You climb downwards. 7 orcs, a shadow imp and 3 wights come into view.
An orc wizard is wielding a +1 dagger of protection.
The orc shouts!
The orc priest shouts!
The shadow imp shouts, "Begone, thou churlish fen-sucked bovine!"
The orc shouts!
The orc priest shouts!
The orc wizard shouts!
The orc shouts!
The orc wizard shouts!
Found a dagger and a leather armour.
There is a stone staircase leading up here.
You hear a shout!
The shadow imp gestures at you. Pain shoots through your body!
Ouch! That really hurt!
You die...
Your body disappears without a glow. #..# ...# .#.# ooo#

##5..# ##..oo#
##+##..o.o####
+...z.@o......
............###
.....##.#.#)...
.z.. .........
.z. #.. ... .
## [.#....#
#.#. #.# #.#.#
.#


You could see 3 wights, 2 orc priests, 3 orc wizards, a shadow imp and 3 orcs.

Vanquished Creatures
  A giant cockroach (D:5)
1 creature vanquished.

Notes
Turn   | Place    | Note
-------+----------+-------------------------------------------
     0 | D:5      | Lanoc the Minotaur Delver began the quest for the Orb.
     0 | D:5      | Reached XP level 1. HP: 19/19 MP: 0/0
     0 | D:5      | Noticed PeterLawrence's ghost (novice MiFi)
     0 | D:5      | Noticed p0werm0de's ghost (amateur GrFi)
     0 | D:5      | Noticed Anon1729's ghost (novice DgAE)
    15 | D:5      | Found a sparkling altar of Nemelex Xobeh.
    19 | D:5      | Found a white marble altar of Elyvilon.
    34 | D:5      | Became a worshipper of Nemelex Xobeh the Trickster
    42 | D:5      | Noticed an iguana
    63 | D:5      | Noticed Edmund
    71 | D:5      | Found a staircase to the Ecumenical Temple.
    80 | Temple   | Entered the Ecumenical Temple
   127 | D:6      | Noticed a wight
   127 | D:6      | Noticed a wight
   127 | D:6      | Noticed a wight
   127 | D:6      | Noticed an orc wizard
   127 | D:6      | Noticed an orc priest
   127 | D:6      | Noticed an orc wizard
   127 | D:6      | Noticed an orc priest
   128 | D:6      | Noticed an orc wizard
   128 | D:6      | Killed from afar by a shadow imp

Illustrated notes

Levels and vault maps discovered:
D:5:      layout_rooms, lemuel_crystal_altar, lemuel_crystal_altar,
          lemuel_temple_firewalk_b, gammafunk_ghost_cemetery, uniq_edmund
D:6:      layout_basic, gammafunk_temple_overflow_statue, uniq_duvessa
Temple:   jpeg_temple_island

Action                   || total
-------------------------++-------
Melee: Falchion          ||     2
       Headbutt          ||     2
  Use: Potion            ||     1
Armor: Leather armour    ||     2
Dodge: Dodged            ||     3
       Rpst.: Falchion   ||     1

Table legend: (Time is in decaauts)
 A = Elapsed time spent in this place.
 B = Non-inter-level travel time spent in this place.
 C = Inter-level travel time spent in this place.
 D = Time resting spent in this place.
 E = Time spent auto-exploring this place.
 F = Levels seen in this place.
 G = Mean time per level.
                   A        B        C        D        E       F      G
               +--------+--------+--------+--------+--------+-----+--------+
         Total |    114 |    114 |      0 |      0 |      7 |   3 |   38.0 |
       Dungeon |    113 |    113 |      0 |      0 |      7 |   2 |   56.5 |
        Temple |      1 |      1 |      0 |      0 |      0 |   1 |    1.0 |
               +--------+--------+--------+--------+--------+-----+--------+

Top non-repeatable levels by time:
     D:5: 113 daAuts
  Temple: 1 daAuts
     D:6: 0 daAuts
